 Dungeon Crawl Stone Soup version 0.19-a0-713-g934ebc7 (webtiles) character file.

2102 George the Cleaver (level 9, -10/75 HPs)
             Began as a Hill Orc Fighter on June 20, 2016.
             Was a Follower of Qazlal.
             Mangled by a mummy (13 damage)
             ... in an ossuary.
             The game lasted 00:07:13 (4493 turns).

George the Cleaver (Hill Orc Fighter)               Turns: 4493, Time: 00:07:14

Health: -10/75     AC: 11    Str: 27    XL:     9   Next: 28%
Magic:  12/14      EV:  6    Int:  8    God:    Qazlal [*.....]
Gold:   204        SH: 12    Dex: 10    Spells: 0 memorised, 8 levels left

rFire  . . .     SeeInvis .     a - +0 war axe
rCold  . . .     Gourm    .     y - +0 chain mail
rNeg   . . .     Faith    .     c - +0 shield
rPois  .         Spirit   .     (no helmet)
rElec  .         Dismiss  .     k - +0 cloak
rCorr  +         Reflect  .     (no gloves)
SustAt .         Harm     .     (no boots)
MR     .....                    (no amulet)
Stlth  ..........               (no ring)
                                B - ring of resist corrosion

@: mighty, not resistant to hostile enchantments, extremely unstealthy
A: no striking features
a: Renounce Religion


You were in an ossuary.
You worshipped Qazlal.
Qazlal was aware of your devotion.
You were near starving.

You visited 1 branch of the dungeon, and saw 6 of its levels.
You also visited: Ossuary.

You collected 204 gold pieces.

Inventory:

Hand Weapons
 a - a +0 war axe (weapon)
Missiles
 p - a throwing net (quivered)
Armour
 c - a +0 shield (worn)
 k - a +0 cloak (worn)
 y - a +0 chain mail (worn)
Jewellery
 s - an uncursed ring of fire
 B - a ring of resist corrosion (left hand)
Scrolls
 r - 2 scrolls of teleportation
 A - 4 scrolls of remove curse
Potions
 o - a potion of magic
 t - a potion of resistance
 x - a potion of lignification {unknown}
 E - a potion of agility {unknown}
Comestibles
 f - 3 bread rations
 l - a slice of pizza
 n - 12 fruits
 v - 2 meat rations
 C - a royal jelly


   Skills:
 + Level 6.3 Fighting
 + Level 10.0 Axes
 + Level 5.4 Armour
 + Level 5.7 Shields
 * Level 7.5 Invocations


You had 8 spell levels left.
You didn't know any spells.

Dungeon Overview and Level Annotations

Branches:
Dungeon (6/15)
 Temple: D:4-7

Altars:
Cheibriados
Dithmenos
Elyvilon
Gozag
Hepliaklqana
Makhleb
Okawaru
Qazlal
Ru
Sif Muna
Zin
The Shining One

Annotations:
D:6 2 runed doors


Message History

Qazlal accepts your kill.
Your Fighting skill increases to level 6!
Your base Axes skill increases to level 10!
Your Armour skill increases to level 5!
Your Invocations skill increases to level 7!
You have reached level 9!
Your experience leads to an increase in your attributes!
Your base attributes are Str 21, Int 8, Dex 10.
Increase (S)trength, (I)ntelligence, or (D)exterity?
You feel stronger.
Your life force feels restored.
You slash the kobold zombie!
You destroy the kobold zombie!
Qazlal accepts your kill.
Your shield and chain mail prevent you from hitting the mummy.
You hear a distant blaring wail to the south.
You hit the mummy.
The mummy is moderately damaged.
The mummy hits you!
You die...

#....#
#....#
#..M.#
#....#
#....#
#....#
#....#
#..M.#
#.∩@.#
######


You could see 2 mummies.

Vanquished Creatures
  The ghost of Shenda the Spear-Bearer, a novice FoAK of Lugonu (Ossuary)
  A hippogriff (D:4)
  The ghost of murphy the Skirmisher, an amateur OgWz (D:3)
  Duvessa (D:5)
  A sky beast (D:6)
  A phantom (D:5)
  A centaur (D:6)
  An ogre (D:6)
  A giant frog (D:6)
  Dowan (D:5)
  3 wights (D:6)
  2 howler monkeys
  A crimson imp (D:6)
  A quasit (D:5)
  A hound (D:6)
  An orc priest (D:3)
  A centaur skeleton (D:4)
  2 iguanas (D:6)
  Terence (D:2)
  3 worker ants
  A mummy (D:6)
  2 howler monkey skeletons
  6 adders
  6 worms
  4 dart slugs
  4 giant geckos
  4 orcs
  4 ball pythons
  9 bats
  A giant cockroach (D:2)
  11 goblins
  9 hobgoblins
  9 jackals
  A quokka (D:3)
  6 giant newts
  A gnoll zombie (Ossuary)
  3 hobgoblin zombies (Ossuary)
  4 kobolds
  2 kobold zombies (Ossuary)
  2 orc zombies (Ossuary)
  A quokka skeleton (D:6)
  A rat (D:1)
117 creatures vanquished.

Notes
Turn   | Place    | Note
--------------------------------------------------------------
     0 | D:1      | George the Hill Orc Fighter began the quest for the Orb.
     0 | D:1      | Reached XP level 1. HP: 19/19 MP: 1/1
    33 | D:1      | Reached skill level 3 in Axes
   228 | D:1      | Reached XP level 2. HP: 25/26 MP: 2/2
   305 | D:1      | Reached skill level 4 in Axes
   733 | D:1      | Reached XP level 3. HP: 31/31 MP: 3/3
   915 | D:2      | Found a faded altar of an unknown god.
   919 | D:2      | Noticed Terence
   930 | D:2      | Killed Terence
   930 | D:2      | Reached skill level 5 in Axes
   938 | D:2      | Reached XP level 4. HP: 16/39 MP: 4/4
  1264 | D:2      | Reached skill level 6 in Axes
  1528 | D:2      | Reached XP level 5. HP: 44/45 MP: 5/5
  1711 | D:3      | Noticed murphy's ghost (amateur OgWz)
  1740 | D:3      | Killed murphy's ghost
  1740 | D:3      | Reached skill level 8 in Axes
  1740 | D:3      | Reached XP level 6. HP: 18/51 MP: 6/6
  1911 | D:3      | Found an iron altar of Okawaru.
  2223 | D:3      | Found an opulent altar of Gozag.
  2223 | D:3      | Found a shadowy altar of Dithmenos.
  2223 | D:3      | Found a stormy altar of Qazlal.
  2249 | D:3      | Became a worshipper of Qazlal Stormbringer
  2697 | D:4      | Reached skill level 1 in Invocations
  2851 | D:4      | Noticed a fire elemental
  2918 | D:4      | Found a stormy altar of Qazlal.
  2919 | D:4      | Noticed a water elemental
  3015 | D:4      | Noticed an air elemental
  3126 | D:4      | Noticed a hippogriff
  3133 | D:4      | Killed a hippogriff
  3133 | D:4      | Reached XP level 7. HP: 54/59 MP: 7/9
  3283 | D:5      | Entered Level 5 of the Dungeon
  3465 | D:5      | Noticed Dowan
  3466 | D:5      | Noticed Duvessa
  3467 | D:5      | Found a deep blue altar of Sif Muna.
  3494 | D:5      | Killed Duvessa
  3494 | D:5      | Reached skill level 9 in Axes
  3505 | D:5      | Killed Dowan
  3746 | D:5      | Found a burning altar of Makhleb.
  3766 | D:5      | Reached * piety under Qazlal
  3766 | D:5      | Reached XP level 8. HP: 63/67 MP: 11/11
  3776 | D:5      | Found a burning altar of Makhleb.
  3813 | D:5      | Found a sacrificial altar of Ru.
  3904 | D:6      | Found a snail-covered altar of Cheibriados.
  3956 | D:6      | Found a hazy altar of Hepliaklqana.
  4018 | D:6      | Reached skill level 5 in Fighting
  4134 | D:6      | Reached skill level 5 in Invocations
  4145 | D:6      | Found a white marble altar of Elyvilon.
  4145 | D:6      | Found a glowing silver altar of Zin.
  4147 | D:6      | Found a glowing golden altar of the Shining One.
  4229 | D:6      | Found a large runed door.
  4231 | D:6      | Found a large runed door.
  4237 | D:6      | Reached skill level 5 in Shields
  4312 | D:6      | HP: 1/103 [ogre/giant club (16)]
  4360 | D:6      | Found a sand-covered staircase.
  4373 | Ossuary  | Entered an ossuary
  4474 | Ossuary  | Noticed Shenda's ghost (novice FoAK)
  4488 | Ossuary  | HP: 2/70 [Shenda's ghost (4)]
  4491 | Ossuary  | Killed Shenda's ghost
  4491 | Ossuary  | Reached skill level 10 in Axes
  4491 | Ossuary  | Reached skill level 5 in Armour
  4491 | Ossuary  | Reached XP level 9. HP: 2/75 MP: 12/14
  4493 | Ossuary  | Mangled by a mummy

Vault maps used:
D:1:      dpeg_arrival_rhombi
D:2:      first_bread, ecumenical_altar_2, hangedman_abyss_or_decor_stabs,
          uniq_terence
D:3:      gammafunk_temple_overflow_forgotten, okawaru_ov_weapons_minmay
D:4:      minmay_misc_feat_room, minmay_misc_feat_cross,
          kennysheep_small_spiral, nicolae_qazlal_style_of_elements
D:5:      lemuel_crystal_altar, kennysheep_mini_moat, basic_altar,
          bloody_makhleb, uniq_duvessa
D:6:      good_gods_temple_1, slow_altar_1, kennysheep_little_box,
          nicolae_ossuary_entry_monument, minmay_hollow_rounded_squares
Ossuary:  ossuary_tomb_3

Skill      XL: |  1  2  3  4  5  6  7  8 |
---------------+-------------------------+-----
Axes           | 3 4 5 6 8 9 10 | 10.0
Invocations    | 2 4 7 |  7.5
Fighting       | 4 6 |  6.3
Shields        | 4 5 |  5.7
Armour         | 4 5 |  5.4

Action                   |  1- 3 |  4- 6 |  7- 9 || total
-------------------------+-------+-------+-------++-------
Melee: War axe           |    68 |   202 |   174 ||   444
  Use: Scroll            |       |     6 |     2 ||     8
       Potion            |       |       |     3 ||     3
  Eat: Chunk             |       |     7 |     5 ||    12
Armor: Scale mail        |    31 |    76 |       ||   107
       Chain mail        |       |     7 |    88 ||    95
Dodge: Dodged            |    19 |    54 |    22 ||    95
Block: Shield            |    32 |    78 |    88 ||   198
